 Dungeon Crawl Stone Soup version 0.28.0-43-g3370ac3207 (webtiles) character file.

Game seed: 2237016526085093451

174 silky the Chopper (level 5, -8/47 HPs)
             Began as a Gnoll Chaos Knight on Mar 30, 2022.
             Was a Plaything of Xom.
             Mangled by an ice beast (10 damage)
             ... on level 5 of the Dungeon.
             The game lasted 00:05:58 (2809 turns).

silky the Chopper (Gnoll Chaos Knight)              Turns: 2809, Time: 00:05:59

Health: -8/47      AC:  7    Str: 13    XL:     5   Next: 54%
Magic:  0/7        EV: 11    Int: 12    God:    Xom [..*...]
Gold:   108        SH:  0    Dex: 11    Spells: 7/7 levels left

rFire   . . .      SeeInvis .   a - +0 hand axe (chaos)
rCold   . . .      Faith    .   (no shield)
rNeg    . . .      Spirit   +   k - +0 ring mail
rPois   .          Reflect  .   (no helmet)
rElec   .          Harm     .   (no cloak)
rCorr   .          Rampage  .   (no gloves)
Will    .....                   c - +0 pair of boots
Stlth   +.........              b - amulet of guardian spirit
HPRegen 0.15/turn               (no ring)
MPRegen 0.10/turn               (no ring)

@: no status effects
A: fangs 1, strong nose, distributed training
a: Renounce Religion


You were on level 5 of the Dungeon.
You worshipped Xom.
You were a toy of Xom.
You visited 1 branch of the dungeon, and saw 6 of its levels.

You collected 108 gold pieces.

Inventory:

Hand Weapons
 a - a +0 hand axe of chaos (weapon)
Armour
 c - a +0 pair of boots (worn)
 k - a +0 ring mail (worn)
Magical Staves
 e - a staff of air
Jewellery
 b - an amulet of guardian spirit (around neck)
Scrolls
 f - 2 scrolls of amnesia {unknown}
 g - a scroll of blinking {unknown}
 i - a scroll of enchant weapon {unknown}
Potions
 d - a potion of flight
 j - a potion of brilliance {unknown}


   Skills:
 + Level 6.7 Fighting
 + Level 1.5 Short Blades
 + Level 1.5 Long Blades
 + Level 6.7 Axes
 + Level 1.5 Maces & Flails
 + Level 1.5 Polearms
 + Level 1.5 Staves
 + Level 1.5 Slings
 + Level 1.5 Bows
 + Level 1.5 Crossbows
 + Level 1.5 Throwing
 + Level 4.8 Armour
 + Level 3.0 Dodging
 + Level 1.5 Stealth
 + Level 1.5 Shields
 + Level 1.5 Unarmed Combat
 + Level 1.5 Spellcasting
 + Level 1.2 Conjurations
 + Level 1.2 Hexes
 + Level 1.2 Summonings
 + Level 1.2 Necromancy
 + Level 1.2 Translocations
 + Level 1.2 Transmutations
 + Level 1.2 Fire Magic
 + Level 1.2 Ice Magic
 + Level 1.2 Air Magic
 + Level 1.2 Earth Magic
 + Level 1.2 Poison Magic
 + Level 1.7 Invocations
 + Level 1.5 Evocations


You had 7 spell levels left.
You didn't know any spells.
Your spell library contained the following spells:

 Spells                   Type           Power      Damage    Failure   Level
 Ensorcelled Hibernation  Hex/Ice        6%         N/A       45%         2
 Spider Form              Tmut/Pois      3%         N/A       71%         3
 Anguish                  Hex/Necr       1%         N/A       98%         4


Dungeon Overview and Level Annotations

Branches:
Dungeon (7/15)
 Temple: D:4-7

Altars:
Xom


Innate Abilities, Weirdness & Mutations

You have very sharp teeth.
Your uncanny sense of smell can sniff out nearby items.
Your experience applies equally to all skills.


Message History

The ice beast hits you but does no damage.
You hit the ice beast but do no damage.
The ice beast goes berserk!
The ice beast is lightly wounded.
The ice beast barely misses you. x2
You barely miss the ice beast.
The ice beast is lightly wounded.
The ice beast hits you. The ice beast freezes you!
You closely miss the ice beast. Your bite misses the ice beast.
The ice beast is lightly wounded.
The ice beast hits you. The ice beast freezes you.
The ice beast hits you but does no damage.
You hit the ice beast.
You melt the ice beast.
The ice beast is moderately wounded.
The ice beast misses you.
You barely miss the ice beast.
The ice beast is moderately wounded.
The ice beast hits you. The ice beast freezes you.
The ice beast hits you but does no damage.
You closely miss the ice beast.
You bite the ice beast, but do no damage.
The ice beast is lightly wounded.
Your butterfly disappears in a puff of smoke!
The ice beast hits you but does no damage.
You hit the ice beast.
The ice beast is moderately wounded.
The ice beast hits you.
* * * LOW HITPOINT WARNING * * *
The ice beast freezes you!
* * * LOW HITPOINT WARNING * * *
The ice beast hits you but does no damage.
You completely miss the ice beast.
The ice beast is moderately wounded.
The ice beast misses you.
You closely miss the ice beast. Your bite misses the ice beast.
The ice beast is moderately wounded.
The ice beast hits you.
* * * LOW HITPOINT WARNING * * *
The ice beast freezes you!
You die...
Xom thinks this is hilarious!

##### ## !..
####...## #.##...
#.......##..#..).
#..#....#..)...#
##......._......#
#.._........#....
###..._..b.## .
###>..bY)#
#....b@#
##.b.ยง........
#...#........
#...###........
....# #........
...## #......$.
... #........
.........


You could see an ice beast (berserk, ally target).

Vanquished Creatures
  An ogre (D:5)
  Jessica (D:3)
  2 adders (D:2)
  2 worms
  A dart slug (D:1)
  2 endoplasms
  A giant cockroach (D:2)
  3 goblins
  5 hobgoblins
  2 jackals (D:1)
  A quokka (D:2)
  2 ball pythons
  3 bats
  4 frilled lizards
  3 kobolds
  3 rats
36 creatures vanquished.

Vanquished Creatures (others)
  4 fungi (D:1)
4 creatures vanquished.

Grand Total: 40 creatures vanquished

Notes
Turn   | Place    | Note
-------+----------+-------------------------------------------
     0 | D:1      | silky the Gnoll Chaos Knight began the quest for the Orb.
     0 | D:1      | Reached XP level 1. HP: 23/23 MP: 1/1
   161 | D:1      | XOM: divination: detect items
   492 | D:1      | Reached XP level 2. HP: 29/29 MP: 2/2
   867 | D:1      | XOM is BORED!
   867 | D:1      | XOM: silly message
  1351 | D:2      | Reached XP level 3. HP: 35/35 MP: 3/3
  1576 | D:2      | Reached skill level 1 in Invocations
  1829 | D:2      | Found a faded altar of an unknown god.
  2025 | D:2      | Reached skill level 1 in Short Blades
  2025 | D:2      | Reached skill level 1 in Long Blades
  2025 | D:2      | Reached skill level 1 in Maces & Flails
  2025 | D:2      | Reached skill level 1 in Polearms
  2025 | D:2      | Reached skill level 1 in Staves
  2025 | D:2      | Reached skill level 1 in Slings
  2025 | D:2      | Reached skill level 1 in Bows
  2025 | D:2      | Reached skill level 1 in Crossbows
  2025 | D:2      | Reached skill level 1 in Throwing
  2025 | D:2      | Reached skill level 1 in Stealth
  2025 | D:2      | Reached skill level 1 in Shields
  2025 | D:2      | Reached skill level 1 in Unarmed Combat
  2025 | D:2      | Reached skill level 1 in Spellcasting
  2025 | D:2      | Reached skill level 1 in Evocations
  2211 | D:2      | XOM: silly message
  2358 | D:3      | Reached XP level 4. HP: 41/41 MP: 5/5
  2370 | D:3      | Noticed Jessica
  2380 | D:3      | XOM: potion effect (berserk rage)
  2381 | D:3      | XOM: potion effect (invisibility)
  2405 | D:3      | Killed Jessica
  2694 | D:3      | XOM: silly message
  2729 | D:3      | You fall into a shaft and drop 3 floors!
  2745 | D:6      | Noticed an ogre
  2772 | D:5      | Entered Level 5 of the Dungeon
  2772 | D:5      | XOM: chaos cloud
  2785 | D:5      | XOM: scenery: create altars
  2786 | D:5      | XOM: potion effect (curing)
  2789 | D:5      | Noticed an ice beast
  2793 | D:5      | XOM: butterfly on damage
  2798 | D:5      | XOM: potion effect (curing)
  2799 | D:5      | Killed an ogre
  2800 | D:5      | Reached skill level 1 in Conjurations
  2800 | D:5      | Reached skill level 1 in Hexes
  2800 | D:5      | Reached skill level 1 in Summonings
  2800 | D:5      | Reached skill level 1 in Necromancy
  2800 | D:5      | Reached skill level 1 in Translocations
  2800 | D:5      | Reached skill level 1 in Transmutations
  2800 | D:5      | Reached skill level 1 in Fire Magic
  2800 | D:5      | Reached skill level 1 in Ice Magic
  2800 | D:5      | Reached skill level 1 in Air Magic
  2800 | D:5      | Reached skill level 1 in Earth Magic
  2800 | D:5      | Reached skill level 1 in Poison Magic
  2800 | D:5      | Reached XP level 5. HP: 47/47 MP: 2/7
  2809 | D:5      | HP: 2/47 [ice beast (1)]
  2809 | D:5      | Mangled by an ice beast

Illustrated notes

Levels and vault maps discovered:
D:1:      dpeg_arrival_water_fire, layout_basic
D:2:      layout_basic, chequers_ecumenical_altar_twisty,
          kennysheep_generic_room_10
D:3:      minmay_skewed_foursquare, layout_basic, chequers_serial_rivers_marsh,
          uniq_jessica, uniq_natasha
D:5:      layout_cave_pools, minmay_temple_entry_statues_pillars,
          nicolae_elemental_shop, chequers_arboretum, grunt_decor_clamped,
          minivault_27, uniq_prince_ribbit1
D:6:      layout_gridville, eat_drink_and_be_merry_uskayaw, uniq_menkaure,
          uniq_pikel, uniq_grinder
D:7:      layout_loops_cross, kennysheep_mini_moat, yredelemnul_altar_generic,
          enter_bailey_3, serial_shops, nicolae_shop_trees

Skill      XL: |  1  2  3  4 |
---------------+-------------+-----
Invocations    | 1 |  1.7
Short Blades   | 1 |  1.5
Long Blades    | 1 |  1.5
Maces & Flails | 1 |  1.5
Polearms       | 1 |  1.5
Staves         | 1 |  1.5
Slings         | 1 |  1.5
Bows           | 1 |  1.5
Crossbows      | 1 |  1.5
Throwing       | 1 |  1.5
Stealth        | 1 |  1.5
Shields        | 1 |  1.5
Unarmed Combat | 1 |  1.5
Spellcasting   | 1 |  1.5
Evocations     | 1 |  1.5
Dodging        | 3 |  3.0
Conjurations   | 1 |  1.2
Hexes          | 1 |  1.2
Summonings     | 1 |  1.2
Necromancy     | 1 |  1.2
Translocations | 1 |  1.2
Transmutations | 1 |  1.2
Fire Magic     | 1 |  1.2
Ice Magic      | 1 |  1.2
Air Magic      | 1 |  1.2
Earth Magic    | 1 |  1.2
Poison Magic   | 1 |  1.2
Fighting       | |  6.7
Axes           | |  6.7
Armour         | |  4.8

Action                   |  1- 3 |  4- 6 || total
-------------------------+-------+-------++-------
Melee: Hand axe          |    88 |    34 ||   122
       Bite              |     4 |     4 ||     8
       Punch             |       |     1 ||     1
  Use: Potion            |       |     3 ||     3
 Stab: Paralysed         |     1 |       ||     1
Armor: Leather armour    |    24 |       ||    24
       Ring mail         |     1 |    14 ||    15
Dodge: Dodged            |    31 |    21 ||    52
